Map: Lerilak Crest

Players

TheFoils - Winner!

  • Race: Zerg Zerg
  • League: Diamond

LilDicky

  • Race: Terran Terran
  • League: Diamond

VOD

http://www.twitch.tv/tumescentpie

Description

Time

  • Played on: Dec. 26, 2015, 11:09 p.m.
  • Length: 16:56
Show
View Real Time Build Order
Export as new Build Order

TheFoils Zerg - Winner!

Build Orders: Hatch First 

Get SALT Encoding   

  12  0:00  Drone  
  13  0:12  Overlord  
  13  0:17  Drone  
  14  0:30  Drone x2  
  14  0:34  Drone  
  17  0:53  Hatchery  
  17  0:56  Drone  
  17  0:58  Drone  
  18  1:10  Extractor  
  17  1:15  Spawning Pool  
  17  1:16  Drone  
  17  1:20  Drone  
  18  1:28  Drone  
  19  1:42  Overlord  
  19  1:49  Drone  
  20  2:01  Queen  
  20  2:03  Zergling x2  
  20  2:04  Queen  
  20  2:06  Zergling x2  
  26  2:12  Metabolic Boost  
  26  2:16  Drone x2  
  26  2:22  Drone  
  29  2:29  Drone  
  30  2:32  Overlord  
  30  2:43  Overlord  
  30  2:44  Drone  
  30  2:45  Queen  
  30  2:47  Queen  
  35  3:01  Drone x3  
  38  3:21  Drone x5  
  38  3:25  Hatchery  
  42  3:30  Extractor  
  41  3:39  Drone x5  
  41  3:40  Drone  
  45  3:53  Roach Warren  
  44  3:59  Zergling x6  
  47  4:15  Extractor x2  
  45  4:18  Evolution Chamber  
  45  4:20  Evolution Chamber  
  43  4:29  Overlord  
  43  4:32  Overlord  
  43  4:33  Roach x4  
  43  4:38  Drone x2  
  52  4:39  Drone x4  
  56  4:53  Roach x6  
  67  5:05  Spore Crawler  
  63  5:10  Roach x5  
  71  5:15  Queen  
  73  5:23  Overlord x2  
  73  5:24  Drone  
  74  5:30  Lair  
  74  5:31  Zerg Missile Weapons Level 1  
  63  5:46  Roach x3  
  63  5:47  Roach x2  
  73  5:59  Drone  
  73  6:00  Drone x4  
  73  6:03  Drone x3  
  81  6:13  Ravager  
  81  6:14  Ravager x2  
  84  6:27  Drone x4  
  84  6:28  Drone x2  
  84  6:29  Overlord x2  
  90  6:46  Glial Reconstitution  
  90  6:47  Zerg Ground Armor Level 1  
  62  7:25  Drone, Roach  
  62  7:26  Drone x9  
  62  7:28  Roach x7  
  62  7:29  Roach x5  
  92  7:36  Zerg Missile Weapons Level 2  
  92  7:44  Extractor  
  92  7:46  Extractor  
  92  7:49  Spore Crawler  
  89  7:54  Spore Crawler  
  89  7:56  Drone x2  
  90  8:03  Ravager x4  
  90  8:04  Ravager  
  95  8:07  Ravager x2  
  97  8:15  Drone  
  97  8:17  Overlord x4  
  98  8:34  Hydralisk Den  
  97  8:41  Overlord x2  
  97  8:42  Drone x3  
  97  8:43  Drone x12  
  112  8:49  Hatchery  
  112  8:54  Ravager  
  110  9:05  Overlord  
  110  9:06  Hydralisk x3  
  110  9:07  Hydralisk x4  
  124  9:12  Zerg Ground Armor Level 2  
  124  9:41  Ravager x2  
  124  9:42  Ravager x3  
  129  9:49  Muscular Augments  
  129  10:08  Hatchery  
  129  10:09  Roach x3  
  129  10:10  Roach x10  
  129  10:13  Overlord x2  
  129  10:14  Overlord  
  154  10:16  Overlord  
  154  10:17  Overlord  
  104  10:40  Ravager x7  
  104  10:41  Ravager x4  
  108  10:46  Zergling x12  
  108  10:47  Zergling x10  
  119  11:05  Roach  
  119  11:06  Roach x7  
  135  11:20  Extractor  
  135  11:25  Extractor  
  133  11:27  Queen x3  
  133  11:32  Hatchery  
  138  11:37  Infestation Pit  
  138  11:39  Zerg Melee Weapons Level 1  
  137  11:40  Lurker Den  
  137  11:47  Roach  
  137  11:48  Roach x10  
  152  12:17  Hive  
  152  12:39  Roach x2  
  152  12:40  Roach x11  
  152  12:41  Roach x9  
  196  12:50  Extractor  
  176  13:38  Viper x3  
  176  13:39  Viper x4  
  194  13:43  Ravager x2  
  194  13:44  Ravager  
  192  14:36  Overseer  
  192  14:38  Overseer  
  192  14:39  Overseer  
  192  14:53  Roach x2  
  192  14:54  Roach x2  
  192  15:52  Roach  
  192  15:53  Roach x4  
Show
View Real Time Build Order
Export as new Build Order

LilDicky Terran 

Build Orders: Command Center First (CC), Hellion Banshee, Mech 

Get SALT Encoding   

  12  0:01  SCV  
  13  0:13  SCV  
  14  0:17  Supply Depot  
  14  0:25  SCV  
  15  0:39  SCV  
  16  0:51  SCV  
  17  1:02  Command Center  
  17  1:03  SCV  
  18  1:15  Barracks  
  18  1:17  SCV  
  19  1:28  Refinery  
  19  1:30  SCV, Refinery  
  20  1:42  SCV  
  21  1:55  SCV  
  22  2:06  Marine  
  23  2:08  Supply Depot  
  23  2:13  Orbital Command  
  23  2:14  Orbital Command  
  23  2:28  Barracks Reactor, Factory  
  23  2:38  SCV  
  23  2:40  SCV  
  25  2:51  SCV  
  26  2:52  SCV  
  27  3:03  SCV  
  27  3:04  SCV  
  28  3:17  Barracks Tech Lab, Starport  
  28  3:18  Hellion x2  
  28  3:19  SCV x2  
  34  3:25  Armory  
  34  3:31  SCV x2  
  35  3:40  Hellion x2  
  35  3:43  SCV  
  36  3:50  SCV  
  36  3:58  SCV  
  36  4:01  Hellion x2, Cloaking Field  
  36  4:02  Banshee  
  44  4:05  SCV  
  44  4:09  Marine  
  46  4:17  Bunker  
  46  4:24  SCV  
  46  4:32  Supply Depot  
  46  4:53  SCV x2, Banshee  
  46  4:54  Hellion x2  
  42  5:22  Hellion  
  42  5:23  Hellion  
  46  5:34  Marine  
  45  5:44  Hellion x2  
  47  5:52  Command Center, Supply Depot  
  47  5:57  Factory  
  47  5:58  Refinery  
  47  5:59  Factory, Refinery  
  47  6:02  SCV x2  
  49  6:10  Engineering Bay  
  49  6:11  Liberator x2  
  53  6:14  SCV  
  53  6:15  SCV  
  51  6:21  Marine  
  52  6:26  Supply Depot, SCV  
  52  6:30  Siege Tank  
  62  6:33  Terran Vehicle And Ship Armor Level 1  
  62  6:35  SCV  
  62  6:39  SCV, Armory, Marine  
  65  6:44  Missile Turret  
  65  6:46  Factory Tech Lab, Factory Reactor  
  65  6:47  SCV  
  48  7:27  SCV x2  
  50  7:31  Siege Tank  
  50  7:34  Siege Tank  
  50  7:36  Liberator  
  50  7:37  Hellion x2  
  60  7:39  SCV x2, Refinery  
  62  7:51  SCV x2  
  62  7:54  Command Center  
  67  8:03  SCV, Siege Tank  
  71  8:06  Terran Vehicle Weapons Level 1  
  71  8:07  SCV  
  72  8:15  SCV, Hellion  
  72  8:16  Hellion  
  77  8:28  SCV  
  77  8:33  Supply Depot  
  78  8:34  Supply Depot  
  78  8:35  Terran Vehicle And Ship Armor Level 2  
  78  8:40  Liberator  
  78  8:41  Supply Depot  
  78  8:42  Supply Depot  
  78  8:43  Supply Depot, Missile Turret  
  78  8:50  SCV x2  
  78  8:55  Siege Tank  
  80  9:00  Hellion x2  
  80  9:01  Hellion  
  80  9:02  SCV x2  
  91  9:13  Liberator  
  91  9:14  SCV x2  
  93  9:18  Hellion  
  93  9:22  Hellion  
  95  9:26  SCV x2, Liberator  
  95  9:27  Hellion  
  95  9:28  Siege Tank x2  
  103  9:48  Refinery  
  103  9:49  SCV  
  103  9:50  Hellion x2, Refinery  
  108  10:01  Hellion  
  98  10:35  Siege Tank x2  
  89  10:43  Hellion x2  
  68  11:04  Hellion  
  68  11:07  Siege Tank x2  
  68  11:10  Planetary Fortress  
  74  11:18  SCV x2  
  76  11:20  Liberator x2  
  76  11:22  Marine  
  77  11:30  SCV x2  
  79  11:34  Command Center  
  79  11:35  Hellion  
  79  11:36  Hellion  
  79  11:39  Siege Tank  
  92  11:42  Terran Vehicle Weapons Level 2, SCV x2  
  92  11:43  Terran Vehicle And Ship Armor Level 3  
  94  11:47  Starport  
  94  11:49  Marine  
  95  11:54  SCV x3  
  98  12:03  Liberator x2  
  98  12:06  SCV x2  
  98  12:17  SCV  
  98  12:18  SCV, Hi-Sec Auto Tracking  
  98  12:19  SCV  
  107  12:29  SCV  
  108  12:30  Command Center, Starport Reactor  
  97  13:43  Hellion, Liberator x4  
  97  13:44  Hellion x2  
  97  13:45  Command Center  
  97  13:48  Drilling Claws  
  103  13:49  Orbital Command  
  103  13:50  SCV  
  103  13:51  SCV x2  
  106  13:59  Terran Vehicle Weapons Level 3  
  118  14:03  SCV x2  
  120  14:14  Refinery  
  120  14:16  Refinery  
  118  14:20  Terran Ship Weapons Level 1  
  122  14:24  Hellion x4  
  122  14:26  Liberator  
  122  14:32  SCV  
  122  14:33  SCV x3  
  126  14:45  SCV x2, Siege Tank  
  134  14:59  Command Center  
  134  15:02  Refinery x2  
  134  15:09  Supply Depot  
  134  15:10  Supply Depot  
  134  15:14  Command Center  
  134  15:15  SCV  
  70  16:12  Planetary Fortress  
Tags
 
Add a new tag
Caveats
  • Supply blocks, unpowered buildings, or Contaminate may cause inaccurate times.
  • Supply counts are checked every 10 seconds.